 Dungeon Crawl Stone Soup version 0.30.1-4-g462c640d31 (webtiles) character file.

Game seed: 8042569162341086905

989 Zeor the Cruncher (level 8, -3/48 HPs)
             Began as a Gargoyle Gladiator on Aug 24, 2023.
             Was a Follower of Ru.
             Killed by divine providence
             ... invoked by an orc priest
              (14 damage)
             ... on level 5 of the Dungeon.
             The game lasted 00:14:08 (4806 turns).

Zeor the Cruncher (Gargoyle Gladiator)              Turns: 4806, Time: 00:14:09

Health: -3/48      AC: 26    Str: 20    XL:     8   Next: 18%
Magic:  8/8        EV:  6    Int:  9    God:    Ru [*.....]
Gold:   150        SH:  0    Dex: 11    Spells: 7/7 levels left

rFire   . . .        a - +1 flail (protect)
rCold   . . .        (no shield)
rNeg    + + .        g - +0 plate armour
rPois   ∞            c - +0 helmet
rElec   +            (no cloak)
rCorr   .            (no gloves)
SInv    .            p - +0 pair of boots
Will    .....        n - amulet of the acrobat Stlth
                     q - ring of positive energy
HPRegen 0.28/turn    (no ring)
MPRegen 0.11/turn

%: acrobat
@: under a protective aura
A: sickness immunity, AC +5, negative energy resistance 1, electricity
resistance, torment resistance 1, petrification resistance, inability to train
dodging
a: Renounce Religion


You were on level 5 of the Dungeon.
You worshipped Ru.
Ru was aware of your devotion.
You visited 1 branch of the dungeon, and saw 5 of its levels.

You collected 150 gold pieces.

Inventory:

Hand Weapons
 a - a +1 flail of protection (weapon)
 e - a +1 flail of holy wrath
 f - a +1 quarterstaff
Missiles
 d - 2 throwing nets (quivered)
 m - 5 poisoned darts
Armour
 c - a +0 helmet (worn)
 g - a +0 plate armour (worn)
 i - a +0 leather armour
 p - a +0 pair of boots (worn)
Jewellery
 n - an amulet of the acrobat (around neck)
 q - a ring of positive energy (left hand)
Scrolls
 k - a scroll of identify
 o - a scroll of blinking
Potions
 b - a potion of ambrosia
 h - 2 potions of curing


   Skills:
 + Level 3.8 Fighting
 + Level 8.2 Staves
 + Level 2.0 Throwing
 + Level 3.8 Armour


You had 7 spell levels left.
You didn't know any spells.
Your spell library contained the following spells:

 Spells                   Type           Power      Damage    Failure   Level
 Tukima's Dance           Hex            0%         N/A       100%        3
 Passage of Golubria      Tloc           0%         N/A       100%        4
 Yara's Violent Unravell  Hex/Tmut       0%         3d3       100%        5


Dungeon Overview and Level Annotations

Branches:
Dungeon (5/15)
 Temple: D:4-7

Altars:
Ru

Shops:
D:2 *   D:3 =


Innate Abilities, Weirdness & Mutations

You are immune to sickness and miasma.
Your stone body is resilient. (AC +5)
You are immune to poison.
You resist negative energy. (rN+)
You are resistant to electric shocks. (rElec)
You are resistant to unholy torment.
You are immune to petrification.
You cannot train Dodging skill.


Message History

The javelin pierces through the orc!
You kill the orc!
The javelin barely misses the orc priest.
The orc wizard hits you but does no damage.
You barely miss the orc wizard. The orc hits you but does no damage.
The orc wizard hits you but does no damage.
The orc closely misses you. x2
You hit the orc wizard.
The orc wizard is moderately wounded.
The orc hits you from afar with a +0 trident.
You hit the orc wizard.
The orc wizard is heavily wounded.
The orc wizard hits you but does no damage.
The orc completely misses you. The orc hits you but does no damage.
The orc priest looks encouraged for a moment.
The orc barely misses you.
You closely miss the orc wizard.
The orc wizard is heavily wounded.
The orc priest mumbles some strange prayers to Beogh against you.
Beogh smites you!
You redirect the orc's attack!
The orc hits itself with a +0 mace.
The orc wizard hits you with a +0 dagger.
The orc hits you but does no damage. The orc completely misses you.
You hit the orc wizard but do no damage.
The orc wizard is heavily wounded.
The orc hits you but does no damage. The orc wizard barely misses you.
The orc hits you but does no damage.
The orc is stunned by your conviction and fails to attack.
The orc priest mumbles some strange prayers to Beogh against you.
Beogh smites you!
Blink to where?
Press: ? - help, Dir - move target, p - orc priest
As you read the scroll of blinking, it crumbles to dust.
The orc wizard casts a spell at you. The puff of flame hits you!
* * * LOW HITPOINT WARNING * * *
The orc priest invokes the aid of Beogh against you.
Beogh smites you!
You die...

∙∙∙∙∙o∙)∙∙∙∙▒
∙∙∙∙∙∙∙o∙∙∙∙▒ ▒∙∙∙∙▒▒
▒▒ooo∙∙▒▒▒▒▒ ▒▒
▒#)∙∙∙∙▒∙∙∙▒▒∙∙∙
▒o∙∙∙∙∙∙∙∙∙∙∙∙∙∙ ▒∙∙∙
▒∙∙o∙∙∙∙∙∙∙∙∙∙∙∙ ▒∙[∙
▒∙∙∙∙∙∙∙∙∙∙∙∙∙∙∙ ∙∙∙
▒▒∙∙∙▒▒▒9▒▒▒▒▒▒▒▒▒▒▒ ∙∙
▒∙∙∙▒▒▒∙∙∙▒▒▒∙∙▒▒∙▒▒▒▒▒▒


∙∙∙∙∙∙∙∙∙∙∙∙'∙∙∙∙∙∙∙∙∙∙∙∙ ∙∙∙∙∙∙∙∙∙∙∙∙∙▒∙∙∙∙>∙∙)∙)∙∙ ∙∙▒▒∙∙∙∙∙∙∙∙∙∙▒∙∙∙∙∙∙∙∙∙∙∙∙
∙∙ ▒∙∙∙∙∙∙∙∙∙∙▒∙∙∙∙∙∙∙∙∙∙∙∙ ∙∙∙▒▒∙∙∙∙▒▒▒∙∙∙▒▒▒▒∙∙▒▒ ∙∙∙ ▒▒▒▒▒▒ ▒▒▒▒▒ ▒∙∙▒▒ ∙∙
∙∙∙∙∙∙ You could see an orc priest, an orc wizard and 4 orcs.

Vanquished Creatures
  3 ogres (D:4)
  A scorpion (D:4)
  A vampire bat (D:4)
  3 hounds
  2 gnoll boudas (D:5)
  An iguana (D:5)
  5 orc wizards
  9 gnolls (D:5)
  6 adders
  6 worms
  4 dart slugs
  3 fire bats (D:4)
  16 orcs
  2 spectral bats (D:4)
  16 bats
  3 bat skeletons (D:4)
  A bat zombie (D:4)
  9 endoplasms
  4 giant cockroaches
  2 goblins
  5 hobgoblins
  5 jackals
  A quokka (D:2)
  9 ball pythons
  A bat simulacrum (D:4)
  4 frilled lizards
  2 kobolds (D:4)
  2 rats
126 creatures vanquished.

Notes
Turn   | Place    | Note
-------+----------+-------------------------------------------
     0 | D:1      | Zeor the Gargoyle Gladiator began the quest for the Orb.
     0 | D:1      | Reached XP level 1. HP: 12/12 MP: 1/1
    52 | D:1      | Reached XP level 2. HP: 15/17 MP: 2/2
   639 | D:1      | Found a faded altar of an unknown god.
   795 | D:2      | Reached XP level 3. HP: 22/22 MP: 3/3
   816 | D:2      | Found Caonnad's General Store.
   855 | D:2      | Reached skill level 4 in Staves
  1404 | D:2      | Reached XP level 4. HP: 24/27 MP: 4/4
  1461 | D:2      | Reached skill level 1 in Armour
  1901 | D:3      | Reached XP level 5. HP: 31/31 MP: 5/5
  2117 | D:3      | Reached skill level 5 in Staves
  2327 | D:3      | Found Vonol's Jewellery Shoppe.
  2730 | D:4      | Noticed an ogre
  2739 | D:4      | Killed an ogre
  2740 | D:4      | Reached XP level 6. HP: 37/37 MP: 6/6
  2994 | D:4      | Found a sacrificial altar of Ru.
  3003 | D:4      | Became a worshipper of Ru the Awakened
  3365 | D:4      | Reached skill level 6 in Staves
  3406 | D:4      | Reached XP level 7. HP: 33/41 MP: 7/7
  3981 | D:4      | Reached skill level 7 in Staves
  4411 | D:5      | Entered Level 5 of the Dungeon
  4556 | D:5      | Gained mutation: You cannot train Dodging skill. [Ru
                  | sacrifice]
  4556 | D:5      | Reached * piety under Ru
  4585 | D:5      | Reached XP level 8. HP: 18/48 MP: 8/8
  4658 | D:5      | Reached skill level 8 in Staves
  4806 | D:5      | Killed from afar by an orc priest

Illustrated notes

Levels and vault maps discovered:
D:1:      minmay_arrival_stone_box, layout_basic, shapermc_ecumenical_altar_venn
D:2:      layout_rooms, serial_shops, shop, serial_corexii_hall,
          corexii_hall_statues_x, chequers_hall_statues_corner_a,
          chequers_hall_statues_corner_a, chequers_hall_statues_corner_a,
          corexii_hall_statues_deadend, chequers_hall_statues_y
D:3:      layout_basic, serial_shops, shop
D:4:      layout_layer_cave, nicolae_ru_sacrificial_ziggurat,
          kennysheep_small_spiral, goddamned_bats
D:5:      layout_gridville

Skill      XL: |  1  2  3  4  5  6  7  8 |
---------------+-------------------------+-----
Staves         | 4 5 6 7 8 |  8.2
Armour         | 1 2 3 |  3.8
Fighting       | 3 |  3.8
Dodging        | 0 |  0.0
Throwing       | 2 |  2.0

Action                     |  1- 3 |  4- 6 |  7- 9 || total
---------------------------+-------+-------+-------++-------
  Melee: Quarterstaff      |    77 |   202 |   129 ||   408
         Flail             |       |       |    11 ||    11
  Throw: Throwing net      |       |     1 |       ||     1
         Dart              |       |       |     3 ||     3
         Javelin           |       |       |     2 ||     2
 Invoke: Sacrifice Nimblen |       |       |     1 ||     1
    Use: Scroll            |     7 |     5 |     2 ||    14
         Potion            |       |     2 |     3 ||     5
 Armour: Leather armour    |    10 |       |       ||    10
         Plate armour      |    31 |   168 |   115 ||   314
  Dodge: Dodged            |    21 |    98 |    68 ||   187
